TOP OF THE 1ST |
Belleville Bulls batting - Pitching for Hogsmeade Cauldrons : RHP Rob Rocha
|
Pitching: RHP Rob Rocha
|
|
Batting: LHB Manuel Sánchez
|
0-0: Ball 1-0: SINGLE (Flyball, 7S)
|
Batting: RHB Paddy Hodnett
|
0-0: Grounds into double play, 5-4-3 (Groundball, 5L)
|
Batting: RHB Felipe Gonzáles
|
0-0: Ball 1-0: Called Strike 1-1: Ball 2-1: Called Strike 2-2: Foul Ball, location: 2F 2-2: Ball 3-2: Base on Balls
|
Batting: RHB Henry Mann
|
0-0: Ball 1-0: SINGLE (Line Drive, 34) Felipe Gonzáles to second Runner from 2nd tries for 3rd, SAFE, throw made to third
|
Batting: RHB Alberto Blanco
|
0-0: Swinging Strike 0-1: Foul Ball, location: 2F 0-2: Ball 1-2: Ball 2-2: Ground out 6-3 (Groundball, 6)
|
Top of the 1st over - 0 run(s), 2 hit(s), 0 error(s), 2 left on base; Belleville 0 - Hogsmeade 0 |
BOTTOM OF THE 1ST |
Hogsmeade Cauldrons batting - Pitching for Belleville Bulls : RHP Carlos Domínguez
|
Pitching: RHP Carlos Domínguez
|
|
Batting: RHB Santiago Mosca
|
0-0: Ball 1-0: Foul Ball, location: 2F 1-1: SINGLE (Line Drive, 8RS)
|
Batting: RHB Ernesto Souza
|
0-0: Ball 1-0: Called Strike 1-1: Called Strike 1-2: Ball Santiago Mosca steals 2nd base 2-2: Fly out, F9 (Flyball, 89M)
|
Batting: RHB Jesús Cisneros
|
0-0: Ball Santiago Mosca is caught stealing 3rd base 1-0: Called Strike 1-1: Ball 2-1: Called Strike 2-2: Foul Ball, location: 2F 2-2: Fly out, F8 (Flyball, 8RM)
|
Bottom of the 1st over - 0 run(s), 1 hit(s), 0 error(s), 0 left on base; Belleville 0 - Hogsmeade 0 |
TOP OF THE 2ND |
Belleville Bulls batting - Pitching for Hogsmeade Cauldrons : RHP Rob Rocha
|
Batting: RHB Lee Charles
|
0-0: Called Strike 0-1: Ball 1-1: Called Strike 1-2: Ball 2-2: Strikes out looking
|
Batting: LHB Adriano Amicis
|
0-0: Ball 1-0: DOUBLE (Line Drive, 89M)
|
Batting: RHB Jaime Ramírez
|
0-0: Ball 1-0: Called Strike 1-1: Called Strike 1-2: SINGLE (Flyball, 56D) Adriano Amicis to third
|
Batting: RHB Howard Fewell
|
0-0: Called Strike 0-1: Ball 1-1: Foul Ball, location: 2F 1-2: Ball 2-2: Ball 3-2: Fly out, F7 (Flyball, 7M) Runner from 3rd tags up, SCORES, throw made
|
Batting: LHB Manuel Sánchez
|
0-0: SINGLE (Line Drive, 34D) Jaime Ramírez to second
|
Batting: RHB Paddy Hodnett
|
0-0: Called Strike 0-1: Ball 1-1: Ball 2-1: Fly out, F5 (Popup, 5SF)
|
Top of the 2nd over - 1 run(s), 3 hit(s), 0 error(s), 2 left on base; Belleville 1 - Hogsmeade 0 |
BOTTOM OF THE 2ND |
Hogsmeade Cauldrons batting - Pitching for Belleville Bulls : RHP Carlos Domínguez
|
Batting: RHB Luis Martínez
|
0-0: Called Strike 0-1: Swinging Strike 0-2: Ball 1-2: Ball 2-2: Foul Ball, location: 2F 2-2: Strikes out swinging
|
Batting: SHB Fernando Sánchez
|
0-0: Called Strike 0-1: Swinging Strike 0-2: Strikes out swinging
|
Batting: RHB Reynaldo Pérez
|
0-0: Ball 1-0: Ball 2-0: Called Strike 2-1: Ball 3-1: Base on Balls
|
Batting: RHB Miguel Torres
|
0-0: Ball 1-0: Swinging Strike 1-1: Ball 2-1: Ball 3-1: Foul Ball, location: 2F 3-2: Ground out 4-3 (Groundball, 4)
|
Bottom of the 2nd over - 0 run(s), 0 hit(s), 0 error(s), 1 left on base; Belleville 1 - Hogsmeade 0 |
TOP OF THE 3RD |
Belleville Bulls batting - Pitching for Hogsmeade Cauldrons : RHP Rob Rocha
|
Batting: RHB Felipe Gonzáles
|
0-0: Fly out, F7 (Flyball, 7M)
|
Batting: RHB Henry Mann
|
0-0: Called Strike 0-1: Ball 1-1: Ball 2-1: Fly out, F3 (Line Drive, 3)
|
Batting: RHB Alberto Blanco
|
0-0: DOUBLE (Line Drive, 9LS)
|
Batting: RHB Lee Charles
|
0-0: Fly out, F9 (Flyball, 9M)
|
Top of the 3rd over - 0 run(s), 1 hit(s), 0 error(s), 1 left on base; Belleville 1 - Hogsmeade 0 |
BOTTOM OF THE 3RD |
Hogsmeade Cauldrons batting - Pitching for Belleville Bulls : RHP Carlos Domínguez
|
Batting: RHB Gonzalo Ángel
|
0-0: Ball 1-0: Foul Ball, location: 2F 1-1: Swinging Strike 1-2: Ball 2-2: SINGLE (Groundball, 4M)
|
Batting: RHB Jim Unknown
|
0-0: Fly out, F7 (Flyball, 7LM)
|
Batting: RHB Santiago Mosca
|
0-0: Called Strike 0-1: Foul Ball, location: 2F 0-2: Foul Ball, location: 2F 0-2: Strikes out swinging
|
Batting: RHB Ernesto Souza
|
0-0: Called Strike 0-1: Ball 1-1: Foul Ball, location: 2F 1-2: SINGLE (Groundball, 6MD) Gonzalo Ángel to second Runner from 2nd tries for 3rd, SAFE, throw made to third
|
Batting: RHB Jesús Cisneros
|
0-0: Ball 1-0: Fly out, F6 (Popup, 6D)
|
Bottom of the 3rd over - 0 run(s), 2 hit(s), 0 error(s), 2 left on base; Belleville 1 - Hogsmeade 0 |
TOP OF THE 4TH |
Belleville Bulls batting - Pitching for Hogsmeade Cauldrons : RHP Rob Rocha
|
Batting: LHB Adriano Amicis
|
0-0: Ball 1-0: Foul Ball, location: 2F 1-1: Foul Ball, location: 2F 1-2: Foul Ball, location: 2F 1-2: Foul Ball, location: 2F 1-2: Ball 2-2: Ground out 4-3 (Groundball, 4M)
|
Batting: RHB Jaime Ramírez
|
0-0: Ball 1-0: Foul Ball, location: 2F 1-1: Called Strike 1-2: Ground out 5-3 (Groundball, 56)
|
Batting: RHB Howard Fewell
|
0-0: Called Strike 0-1: Called Strike 0-2: Ball 1-2: Foul Ball, location: 2F 1-2: Foul Ball, location: 2F 1-2: Fly out, F2 (Popup, 25F)
|
Top of the 4th over - 0 run(s), 0 hit(s), 0 error(s), 0 left on base; Belleville 1 - Hogsmeade 0 |
BOTTOM OF THE 4TH |
Hogsmeade Cauldrons batting - Pitching for Belleville Bulls : RHP Carlos Domínguez
|
Batting: RHB Luis Martínez
|
0-0: Ball 1-0: Ball 2-0: Foul Ball, location: 2F 2-1: Foul Ball, location: 2F 2-2: Fly out, F7 (Flyball, 78M)
|
Batting: SHB Fernando Sánchez
|
0-0: Called Strike 0-1: Swinging Strike 0-2: Foul Ball, location: 2F 0-2: Ball 1-2: Strikes out looking
|
Batting: RHB Reynaldo Pérez
|
0-0: Ball 1-0: Called Strike 1-1: Swinging Strike 1-2: Strikes out swinging
|
Bottom of the 4th over - 0 run(s), 0 hit(s), 0 error(s), 0 left on base; Belleville 1 - Hogsmeade 0 |
TOP OF THE 5TH |
Belleville Bulls batting - Pitching for Hogsmeade Cauldrons : RHP Rob Rocha
|
Batting: LHB Manuel Sánchez
|
0-0: Swinging Strike 0-1: Called Strike 0-2: Foul Ball, location: 2F 0-2: Ball 1-2: Ball 2-2: Foul Ball, location: 2F 2-2: Foul Ball, location: 2F 2-2: Strikes out swinging
|
Batting: RHB Paddy Hodnett
|
0-0: Ball 1-0: Foul Ball, location: 2F 1-1: Ball 2-1: Ball 3-1: Foul Ball, location: 2F 3-2: Foul Ball, location: 2F 3-2: Foul Ball, location: 2F 3-2: Base on Balls
|
Batting: RHB Felipe Gonzáles
|
0-0: Called Strike 0-1: Ball 1-1: Ball 2-1: Called Strike 2-2: Ball 3-2: Base on Balls Paddy Hodnett to second
|
Batting: RHB Henry Mann
|
0-0: Ball 1-0: Ball 2-0: DOUBLE (Line Drive, 8LM) Paddy Hodnett scores Felipe Gonzáles to third
|
Batting: RHB Alberto Blanco
|
0-0: Called Strike 0-1: Swinging Strike 0-2: Strikes out swinging
|
Batting: RHB Lee Charles
|
0-0: Ball 1-0: Called Strike 1-1: Foul Ball, location: 2F 1-2: Ball 2-2: Foul Ball, location: 2F 2-2: Ball 3-2: Strikes out swinging
|
Top of the 5th over - 1 run(s), 1 hit(s), 0 error(s), 2 left on base; Belleville 2 - Hogsmeade 0 |
BOTTOM OF THE 5TH |
Hogsmeade Cauldrons batting - Pitching for Belleville Bulls : RHP Carlos Domínguez
|
Batting: RHB Miguel Torres
|
0-0: Fly out, F8 (Flyball, 8LM)
|
Batting: RHB Gonzalo Ángel
|
0-0: Ball 1-0: Ball 2-0: SINGLE (Groundball, 6MD)
|
Batting: RHB Jim Unknown
|
0-0: Ground out 5-3 (Groundball, 6S) Gonzalo Ángel to second
|
Batting: RHB Santiago Mosca
|
0-0: Ball 1-0: Ball 2-0: Ball 3-0: Called Strike 3-1: Foul Ball, location: 2F 3-2: Strikes out swinging
|
Bottom of the 5th over - 0 run(s), 1 hit(s), 0 error(s), 1 left on base; Belleville 2 - Hogsmeade 0 |
TOP OF THE 6TH |
Belleville Bulls batting - Pitching for Hogsmeade Cauldrons : RHP Rob Rocha
|
Batting: LHB Adriano Amicis
|
0-0: Called Strike 0-1: Foul Ball, location: 2F 0-2: Foul Ball, location: 2F 0-2: Ball 1-2: Ball 2-2: Ball 3-2: Foul Ball, location: 2F 3-2: Foul Ball, location: 2F 3-2: Base on Balls
|
Batting: RHB Jaime Ramírez
|
0-0: Sac Bunt - play at second, runner OUT! 1-6
|
Batting: RHB Howard Fewell
|
Pickoff Throw to First - Error! E1 Jaime Ramírez to second 0-0: Called Strike 0-1: Fly out, F7 (Popup, 5D)
|
Batting: LHB Manuel Sánchez
|
0-0: Called Strike 0-1: SINGLE (Groundball, 3D) Jaime Ramírez to third Runner from 3rd tries for Home, SAFE, no throw or cutoff
|
Batting: RHB Paddy Hodnett
|
0-0: Called Strike Throwing error on steal attempt, E2 Manuel Sánchez to third 0-1: Ball 1-1: Ball 2-1: Swinging Strike 2-2: Ball 3-2: Ground out 6-3 (Groundball, 6MS)
|
Top of the 6th over - 1 run(s), 1 hit(s), 2 error(s), 1 left on base; Belleville 3 - Hogsmeade 0 |
BOTTOM OF THE 6TH |
Hogsmeade Cauldrons batting - Pitching for Belleville Bulls : RHP Carlos Domínguez
|
Batting: RHB Ernesto Souza
|
0-0: Called Strike 0-1: Fly out, F7 (Flyball, 7M)
|
Batting: RHB Jesús Cisneros
|
0-0: Called Strike 0-1: Fly out, F7 (Flyball, 7S)
|
Batting: RHB Luis Martínez
|
0-0: Ball 1-0: Swinging Strike 1-1: Ball 2-1: Ball 3-1: Foul Ball, location: 2F 3-2: Base on Balls
|
Batting: SHB Fernando Sánchez
|
0-0: Called Strike 0-1: Called Strike 0-2: Strikes out looking
|
Bottom of the 6th over - 0 run(s), 0 hit(s), 0 error(s), 1 left on base; Belleville 3 - Hogsmeade 0 |
TOP OF THE 7TH |
Belleville Bulls batting - Pitching for Hogsmeade Cauldrons : RHP Rob Rocha
|
Batting: RHB Felipe Gonzáles
|
0-0: Called Strike 0-1: Ball 1-1: Ball 2-1: Foul Ball, location: 2F 2-2: SINGLE (Line Drive, 6D)
|
Pitching: RHP Jim Unknown
|
|
Batting: RHB Henry Mann
|
0-0: Fielders Choice at 2nd, 1-4 (Groundball, 23)
|
Batting: RHB Alberto Blanco
|
0-0: Ball 1-0: Called Strike 1-1: Swinging Strike 1-2: Foul Ball, location: 2F 1-2: Fly out, F7 (Flyball, 78S)
|
Batting: RHB Lee Charles
|
0-0: Fly out, F7 (Flyball, 7LS)
|
Top of the 7th over - 0 run(s), 1 hit(s), 0 error(s), 1 left on base; Belleville 3 - Hogsmeade 0 |
BOTTOM OF THE 7TH |
Hogsmeade Cauldrons batting - Pitching for Belleville Bulls : RHP Carlos Domínguez
|
Batting: RHB Reynaldo Pérez
|
0-0: Called Strike 0-1: Foul Ball, location: 2F 0-2: Foul Ball, location: 2F 0-2: Strikes out swinging
|
Batting: RHB Miguel Torres
|
0-0: Foul Ball, location: 2F 0-1: Foul Ball, location: 2F 0-2: Foul Ball, location: 2F 0-2: Ball 1-2: Hit by Pitch
|
Batting: RHB Gonzalo Ángel
|
0-0: Swinging Strike 0-1: Ball 1-1: Ball 2-1: Fly out, F9 (Flyball, 9M)
|
Batting: RHB Jim Unknown
|
0-0: Ball 1-0: Called Strike 1-1: Ball 2-1: Foul Ball, location: 2F 2-2: Ball 3-2: Foul Ball, location: 2F 3-2: Base on Balls Miguel Torres to second
|
Batting: RHB Santiago Mosca
|
0-0: Ball 1-0: SINGLE (Groundball, 5D) Miguel Torres to third Jim Unknown to second Runner from 3rd tries for Home, SAFE, no throw or cutoff
|
Pinch Hitting: RHB Raúl Reyna
|
0-0: Called Strike 0-1: Ground out 5-3 (Groundball, 56)
|
Bottom of the 7th over - 1 run(s), 1 hit(s), 0 error(s), 2 left on base; Belleville 3 - Hogsmeade 1 |
TOP OF THE 8TH |
Belleville Bulls batting - Pitching for Hogsmeade Cauldrons : RHP Jim Unknown
|
Now at 2B: Jim Unknown
|
|
Batting: LHB Adriano Amicis
|
0-0: Ball 1-0: Ball 2-0: Ball 3-0: Called Strike 3-1: Base on Balls
|
Batting: RHB Jaime Ramírez
|
0-0: Bunted foul 0-1: Bunt missed! 0-2: Foul Ball, location: 2F 0-2: Strikes out swinging
|
Batting: RHB Howard Fewell
|
0-0: Ball 1-0: Ball 2-0: Called Strike 2-1: Ball 3-1: Called Strike 3-2: Base on Balls Adriano Amicis to second
|
Batting: LHB Manuel Sánchez
|
0-0: Ball 1-0: Ball 2-0: Foul Ball, location: 2F 2-1: Fielders Choice at 2nd, 3-6 (Groundball, 3) Adriano Amicis to third
|
Batting: RHB Paddy Hodnett
|
0-0: Ball 1-0: Swinging Strike 1-1: SINGLE (Flyball, 4MD) Adriano Amicis scores Manuel Sánchez to second
|
Batting: RHB Felipe Gonzáles
|
0-0: Called Strike 0-1: Foul Ball, location: 2F 0-2: Ball 1-2: Ball 2-2: Foul Ball, location: 2F 2-2: Ball 3-2: Base on Balls Manuel Sánchez to third Paddy Hodnett to second
|
Batting: RHB Henry Mann
|
0-0: Ball 1-0: Ball 2-0: Called Strike 2-1: Foul Ball, location: 2F 2-2: Strikes out swinging
|
Top of the 8th over - 1 run(s), 1 hit(s), 0 error(s), 3 left on base; Belleville 4 - Hogsmeade 1 |
BOTTOM OF THE 8TH |
Hogsmeade Cauldrons batting - Pitching for Belleville Bulls : RHP Carlos Domínguez
|
Batting: RHB Jesús Cisneros
|
0-0: Called Strike 0-1: Fly out, F9 (Flyball, 9S)
|
Pitching: RHP Norberto Flores
|
|
Batting: RHB Luis Martínez
|
0-0: Ball 1-0: Foul Ball, location: 2F 1-1: Ball 2-1: SINGLE (Line Drive, 7S)
|
Pitching: RHP Rubén Villarreal
|
|
Batting: SHB Fernando Sánchez
|
Pickoff Throw to First - Error! E1 Luis Martínez to second 0-0: DOUBLE (Line Drive, 9D) Luis Martínez scores
|
Batting: RHB Reynaldo Pérez
|
0-0: Reached on error, E6 (Groundball, 6M) Fernando Sánchez to third
|
Batting: RHB Miguel Torres
|
0-0: Called Strike 0-1: Swinging Strike 0-2: Strikes out looking
|
Pinch Hitting: SHB Jim Unknown
|
0-0: Ball 1-0: Fly out, F9 (Popup, 4D)
|
Bottom of the 8th over - 1 run(s), 2 hit(s), 2 error(s), 2 left on base; Belleville 4 - Hogsmeade 2 |
TOP OF THE 9TH |
Belleville Bulls batting - Pitching for Hogsmeade Cauldrons : RHP Jim Unknown
|
Pitching: RHP Jim Unknown
|
|
Now at 1B: Jim Unknown
|
|
Batting: RHB Alberto Blanco
|
0-0: Fly out, F4 (Popup, 4MS)
|
Batting: RHB Lee Charles
|
0-0: Ball 1-0: Ball 2-0: Called Strike 2-1: Called Strike 2-2: Strikes out swinging
|
Batting: LHB Adriano Amicis
|
0-0: Ball 1-0: Foul Ball, location: 2F 1-1: Ball 2-1: Foul Ball, location: 2F 2-2: Ground out U3 (Groundball, 3L)
|
Top of the 9th over - 0 run(s), 0 hit(s), 0 error(s), 0 left on base; Belleville 4 - Hogsmeade 2 |
BOTTOM OF THE 9TH |
Hogsmeade Cauldrons batting - Pitching for Belleville Bulls : RHP Rubén Villarreal
|
Pitching: RHP Rafael Peralta
|
|
Batting: RHB Jim Unknown
|
0-0: Ball 1-0: Called Strike 1-1: Foul Ball, location: 2F 1-2: Ball 2-2: Foul Ball, location: 2F 2-2: Foul Ball, location: 2F 2-2: Fly out, F7 (Line Drive, 78S)
|
Batting: RHB Santiago Mosca
|
0-0: Foul Ball, location: 2F 0-1: Ball 1-1: Swinging Strike 1-2: Strikes out looking
|
Batting: RHB Jim Unknown
|
0-0: Called Strike 0-1: Called Strike 0-2: Ball 1-2: Ball 2-2: Foul Ball, location: 2F 2-2: Ground out 6-3 (Groundball, 6M)
|
Bottom of the 9th over - 0 run(s), 0 hit(s), 0 error(s), 0 left on base; Belleville 4 - Hogsmeade 2 |
|